 Dungeon Crawl Stone Soup version 0.29.0-4-gdea44cf6ec (webtiles) character file.

Game seed: 4279605826412218145

154 Mahakala the Cudgeller (level 5, -9/33 HPs)
             Began as a Gargoyle Monk on Aug 26, 2022.
             Splashed by a jelly's acid (10 damage)
             ... on level 4 of the Dungeon.
             The game lasted 00:13:13 (4295 turns).

Mahakala the Cudgeller (Gargoyle Monk)              Turns: 4295, Time: 00:13:14

Health: -9/33      AC:  7    Str: 16    XL:     5   Next: 36%
Magic:  5/5        EV:  3    Int: 11    God:
Gold:   149        SH:  8    Dex: 18    Spells: 4/4 levels left

rFire   . . .      SeeInvis .   a - +0 mace
rCold   . . .      Faith    .   c - +0 kite shield
rNeg    + . .      Spirit   .   k - +0 plate armour
rPois   ∞          Reflect  .   (no helmet)
rElec   +          Harm     .   (no cloak)
rCorr   .          Rampage  .   t - +0 pair of gloves
Will    .....                   (no boots)
Stlth   ..........              (no amulet)
HPRegen 0.11/turn               l - +6 ring of dexterity
MPRegen 0.09/turn               p - ring of flight

@: corroded, flying
A: sickness immunity, AC +4, negative energy resistance 1, electricity
resistance, torment resistance 1, petrification resistance
a: no special abilities


You were on level 4 of the Dungeon.
You visited 1 branch of the dungeon, and saw 4 of its levels.

You collected 149 gold pieces.

Inventory:

Hand Weapons
 a - a +0 mace (weapon)
Missiles
 f - 52 stones (quivered)
 o - 2 curare-tipped darts {!f}
Armour
 c - a +0 kite shield (worn)
 k - a +0 plate armour (worn)
 t - a +0 pair of gloves (worn)
Jewellery
 l - a +6 ring of dexterity (left hand)
 p - a ring of flight (right hand)
 r - a ring of wizardry
Scrolls
 b - a scroll of brand weapon {unknown}
 e - 2 scrolls of noise {unknown}
 g - 5 scrolls of identify {unknown}
 h - a scroll of poison {unknown}
 i - a scroll of enchant armour {unknown}
 j - 2 scrolls of magic mapping
Potions
 d - 2 potions of attraction {unknown}
 m - a potion of curing {@q1}
 n - a potion of flight
 q - a potion of might {unknown}
 s - a potion of degeneration {unknown}


   Skills:
 + Level 4.2 Fighting
 * Level 4.7 Maces & Flails
 + Level 2.0 Armour
 - Level 2.4 Dodging
 - Level 2.1 Stealth
 + Level 1.0 Shields


You had 4 spell levels left.
You didn't know any spells.
Your spell library contained the following spells:

 Spells                   Type           Power      Damage    Failure   Level
 Apportation              Tloc           0%         N/A       100%        1
 Necrotise                Necr           0%         1d4       100%        1
 Summon Small Mammal      Summ           0%         N/A       100%        1


Dungeon Overview and Level Annotations

Branches:
Dungeon (4/15)
 Temple: D:4-7

Altars:
Vehumet
Wu Jian

Annotations:
D:3 Sigmund


Innate Abilities, Weirdness & Mutations

You are immune to sickness and miasma.
Your stone body is resilient. (AC +4)
You are immune to poison.
You resist negative energy. (rN+)
You are resistant to electric shocks. (rElec)
You are resistant to unholy torment.
You are immune to petrification.


Message History

The adder bites you but does no damage.
You hit the adder but do no damage.
The adder is lightly wounded.
The adder barely misses you. You block the adder's attack.
The adder attacks as you move away! The adder bites you but does no damage.
The jelly jiggles.
You start resting.
A jelly is nearby!
The jelly quivers.
You hit the jelly.
Your hands burn!
The jelly is moderately wounded.
The jelly hits you. The acid corrodes you!
You are splashed with acid.
The jelly hits you but does no damage.
You are too injured to fight recklessly!
Unknown command.
You sock the jelly! The acid corrodes you!
Your hands burn!
* * * LOW HITPOINT WARNING * * *
The jelly is heavily wounded.
You block the jelly's attack.
You hit the jelly.
Your hands burn!
* * * LOW HITPOINT WARNING * * *
The jelly is heavily wounded.
The jelly hits you but does no damage. x2
You hit the jelly.
Your hands burn!
* * * LOW HITPOINT WARNING * * *
The jelly is severely wounded.
The jelly hits you but does no damage. You block the jelly's attack.
Found 13 gold pieces.
The jelly attacks as you move away! The jelly completely misses you.
The jelly attacks as you move away! The jelly hits you.
* * * LOW HITPOINT WARNING * * *
You are splashed with acid!
* * * LOW HITPOINT WARNING * * *
The jelly attacks as you move away! The jelly hits you but does no damage.
Found a scale mail.
The jelly attacks as you move away! The jelly hits you.
* * * LOW HITPOINT WARNING * * *
You are splashed with acid!
You die...

.#. ##.......## # #$ ....
##.........### .. ... .
+.....†...+.. #. ....#
#.........### #.#
##.#.####.....§.###. ####.##
.......(...........
#.....########.##.≈≈≈≈≈.≈≈≈≈≈.≈≈
#..............#..≈###≈.≈###≈.≈#
#.#>..#..#####J@.§§# #≈.≈# #§§§#
#.#.#.#..##...[#..≈###≈§≈###§.≈#
#.....#..##.##.##.≈≈≈≈≈[≈≈≈≈≈.≈≈
#........##.##.##[....[...§§§§§§
####.###........##.≈≈≈≈≈.≈≈§≈≈§§≈
# #.# ####...####.§###§.≈###≈.§#
####.# #.#.#.##..≈# #≈.≈# #≈.≈#
.....# #.#.......≈###§.§###≈.§#
###### #.###.###.§≈≈≈§.≈§≈≈≈.≈≈


You could see a jelly.

Vanquished Creatures
  A jelly (D:4)
  Terence (D:2)
  2 adders
  An ufetubus (D:4)
  3 worms
  5 orcs
  5 ball pythons (D:3)
  6 endoplasms
  2 giant cockroaches
  5 goblins
  10 hobgoblins
  5 bats
  4 frilled lizards
  9 kobolds
  5 rats
64 creatures vanquished.

Vanquished Creatures (others)
  2 plants (D:3)
2 creatures vanquished.

Grand Total: 66 creatures vanquished

Notes
Turn   | Place    | Note
-------+----------+-------------------------------------------
     0 | D:1      | Mahakala the Gargoyle Monk began the quest for the Orb.
     0 | D:1      | Reached XP level 1. HP: 14/14 MP: 1/1
   631 | D:1      | Reached XP level 2. HP: 19/19 MP: 2/2
  1347 | D:2      | Reached XP level 3. HP: 21/24 MP: 3/3
  1684 | D:2      | Noticed Terence
  1693 | D:2      | Killed Terence
  1694 | D:2      | Reached skill level 1 in Armour
  1694 | D:2      | Reached XP level 4. HP: 18/29 MP: 4/4
  2400 | D:3      | Noticed Sigmund
  2737 | D:3      | Identified the +4 dagger "Imp's Death Toll" {flame, rElec
                  | MP-9 Str+3 Int+4}
  3540 | D:3      | Found a radiant altar of Vehumet.
  3644 | D:4      | Reached XP level 5. HP: 30/33 MP: 5/5
  4057 | D:4      | Reached skill level 1 in Shields
  4145 | D:4      | Found an ornate altar of the Wu Jian Council.
  4295 | D:4      | HP: 1/33 [jelly (1)]
  4295 | D:4      | Splashed by a jelly's acid

Illustrated notes

Levels and vault maps discovered:
D:1:      heliophobic_arrival_ceremonial_halls, layout_basic
D:2:      layout_basic, uniq_terence
D:3:      corexii_shack_village, layout_loops_ring, vehumet_crystals,
          kennysheep_potato, uniq_sigmund
D:4:      layout_loops_corners, nicolae_wu_jian_wuxing_cycle,
          mainiacjoe_overflow_six_doors_small, kennysheep_boxes, uniq_robin

Skill      XL: |  1  2  3  4  5 |
---------------+----------------+-----
Maces & Flails | 4 |  4.7
Armour         | 1 2 |  2.0
Fighting       | 4 |  4.2
Shields        | 1 |  1.0
Dodging        | |  2.4
Stealth        | |  2.1

Action                   |  1- 3 |  4- 6 || total
-------------------------+-------+-------++-------
Melee: Mace              |    98 |   138 ||   236
       Punch             |     1 |       ||     1
  Use: Potion            |     1 |     5 ||     6
       Scroll            |       |     1 ||     1
 Stab: Sleeping          |     1 |       ||     1
Armor: Robe              |    12 |       ||    12
       Plate armour      |    64 |   108 ||   172
       Skin              |       |    17 ||    17
Dodge: Dodged            |    34 |    24 ||    58
Block: Kite shield       |       |    54 ||    54
